 Dungeon Crawl Stone Soup version 0.31-a0-626-g8143ab4f1d (webtiles) character file.

Game seed: 14686361492600988949

5569 IdlyInterested the Cleaver (level 10, -1/80 HPs)
             Began as a Demonspawn Gladiator on Aug 24, 2023.
             Slain by a yak (8 damage)
             ... on level 9 of the Dungeon.
             The game lasted 00:37:11 (8336 turns).

IdlyInterested the Cleaver (Demonspawn Gladiator)   Turns: 8336, Time: 00:37:12

Health: -1/80      AC: 20    Str: 20    XL:     10   Next: 44%
Magic:  11/11      EV:  8    Int: 12    God:
Gold:   370        SH:  0    Dex: 20    Spells: 11/11 levels left

rFire   + . .        a - +0 war axe
rCold   . . .        (no shield)
rNeg    + + .        t - +0 plate armour of Fun {rElec rN++ Will+ Stlth-}
rPois   .            T - +2 helmet {Int+3}
rElec   +            w - scarf {repulsion}
rCorr   .            O - +2 pair of gloves
SInv    .            z - +0 pair of boots {Stlth+}
Will    +....        (no amulet) Stlth
                     i - ring of protection from fire
HPRegen 0.33/turn    v - +6 ring of dexterity
MPRegen 0.12/turn

%: repel missiles
@: silenced
A: hooves 2, powered by death 3, sharp scales 1
a: no special abilities


You were on level 9 of the Dungeon.
You visited 2 branches of the dungeon, and saw 10 of its levels.
You also visited: Ossuary.

You collected 1371 gold pieces.
You spent 1001 gold pieces at shops.

Inventory:

Hand Weapons
 a - a +0 war axe (weapon)
 m - a +1 glaive of flaming
 B - a +4 spear
 D - a +0 battleaxe
 K - a +0 morningstar
 U - a +4 antimagic dagger
Missiles
 d - 3 throwing nets
 e - 7 javelins
 l - 21 boomerangs (quivered)
 o - 18 poisoned darts
Armour
 b - the +2 robe of Atheism {rF+ rN+}
   (You found it on level 4 of the Dungeon)

   rF+:       It protects you from fire.
   rN+:       It protects you from negative energy.
 t - the +0 plate armour of Fun (worn) {rElec rN++ Will+ Stlth-}
   (You acquired it on level 5 of the Dungeon)

   rElec:     It insulates you from electricity.
   rN++:      It greatly protects you from negative energy.
   Will+:     It increases your willpower.
   Stlth-:    It makes you less stealthy.
 w - a scarf of repulsion (worn)
 z - a +0 pair of boots of stealth (worn)
 L - +0 swamp dragon scales
 O - a +2 pair of gloves (worn)
 Q - an orb of mayhem
 S - a +2 plate armour
 T - a +2 helmet of intelligence (worn)
 V - a +1 cloak
Jewellery
 i - a ring of protection from fire (left hand)
 v - a +6 ring of dexterity (right hand)
 y - a ring of ice
 P - a ring of protection from cold
Wands
 h - a wand of roots (9)
 N - a wand of polymorph (10)
 R - a wand of charming (13)
Scrolls
 k - 2 scrolls of poison
 n - 2 scrolls of vulnerability
 q - 3 scrolls of fog
 s - 6 scrolls of teleportation
 u - 3 scrolls of amnesia
 F - a scroll of immolation
 G - 3 scrolls of fear
 H - a scroll of enchant armour
 M - a scroll of enchant weapon
Potions
 c - 2 potions of heal wounds
 f - 12 potions of curing
 g - a potion of brilliance
 j - a potion of mutation
 r - 5 potions of haste
 x - 2 potions of lignification
 A - a potion of might
 C - a potion of enlightenment
 E - a potion of berserk rage
 I - a potion of attraction
 J - 2 potions of invisibility


   Skills:
 - Level 8.0 Fighting
 * Level 10.4 Axes
 + Level 2.7 Throwing
 - Level 5.0 Armour
 - Level 5.0 Dodging
 - Level 1.0 Stealth
 - Level 1.0 Spellcasting
 - Level 2.0 Evocations


You had 11 spell levels left.
You didn't know any spells.
Your spell library contained the following spells:

 Spells                   Type           Power      Damage    Failure   Level
 Sting                    Tmut/Pois      0%         1d3       100%        1
 Poisonous Vapours        Pois/Air       0%         N/A       100%        2
 Tukima's Dance           Hex            0%         N/A       100%        3
 Olgreb's Toxic Radiance  Pois           0%         N/A       100%        4
 Passage of Golubria      Tloc           0%         N/A       100%        4
 Yara's Violent Unravell  Hex/Tmut       0%         3d3       100%        5


Dungeon Overview and Level Annotations

Branches:
Dungeon (9/15)             Temple (1/1) D:7         Ossuary (visited)
   Lair: D:8-11         Orc: D:9-12

Altars:
Ashenzari
Cheibriados
Dithmenos
Fedhas
Gozag
Kikubaaqudgha
Makhleb
Nemelex Xobeh
Okawaru
Qazlal
Ru
Sif Muna
Trog
Vehumet
Wu Jian
Yredelemnul

Shops:
D:2 =!   D:5 *   D:7 !


Innate Abilities, Weirdness & Mutations

You have hoof-like feet.
You regenerate a lot of health from kills.
You are partially covered in razor-sharp scales. (AC +1, Slay +1)


Message History

You barely miss the yak. You hit the yak.
The yak gores you but does no damage. x2
The yak gores you!
You hit the yak but do no damage.
The yak is moderately wounded.
You slash the yak! You hit the yak but do no damage.
The yak gores you but does no damage. The yak gores you.
The yak gores you but does no damage.
You hit the yak.
The yak is moderately wounded.
You slash the yak! You hit the yak. The yak gores you!
The yak gores you but does no damage. The yak completely misses you.
You hit the yak but do no damage.
The yak is moderately wounded.
You barely miss the yak. You hit the yak. The yak closely misses you.
The yak gores you. The yak closely misses you.
You hit the yak but do no damage.
The yak is moderately wounded.
You slash the yak! You hit the yak but do no damage. The yak gores you.
The yak gores you but does no damage. The yak barely misses you.
You barely miss the yak.
The yak is moderately wounded.
You barely miss the yak. You closely miss the yak. The yak closely misses you.
The yak gores you! The yak gores you.
You hit the yak.
The yak is moderately wounded.
You slash the yak! You hit the yak. The yak gores you but does no damage.
The yak barely misses you. x2
You hit the yak but do no damage.
The yak is moderately wounded.
You barely miss the yak. x2; The yak gores you but does no damage.
The yak gores you!
* * * LOW HITPOINT WARNING * * *
The yak gores you but does no damage.
You slice the yak!!
The yak is severely wounded.
You hit the yak. You barely miss the yak. The yak gores you but does no damage.
The yak gores you!
* * * LOW HITPOINT WARNING * * *
The yak gores you!
You die...

. .. ... ..((
.....###################
.......Y................
......Y@>...............
.......Y†...............
.................)......
....##############......
######............#.....#
#.................#......
#.................#......
#.................#......
#.................#......


You could see 3 yaks.

Vanquished Creatures
  Maurice (D:9)
  Maggie (D:7)
  A komodo dragon (D:9)
  The ghost of Zonian the Sneak, a novice OpHW (D:8)
  A hornet (D:9)
  6 yaks
  A wyvern (D:9)
  Menkaure (Ossuary)
  A water moccasin (D:5)
  An orc warrior (D:8)
  A sky beast (D:7)
  A centaur (D:5)
  A phantom (D:4)
  Blork the orc (D:6)
  A kobold brigand (D:5)
  3 necrophages (D:5)
  2 bullfrogs
  A gnoll sergeant (D:6)
  5 scorpions
  5 wights (D:8)
  3 killer bees (D:9)
  2 howler monkeys (D:6)
  A crimson imp (D:6)
  4 hounds
  2 bullfrog zombies (D:5)
  A jelly (D:7)
  A gnoll bouda (D:8)
  6 orc priests
  A sleepcap (D:6)
  5 iguanas
  6 orc wizards
  A killer bee zombie (D:5)
  2 hound zombies (D:5)
  3 mummies (Ossuary)
  9 gnolls
  5 adders
  2 shadow imps
  A white imp (D:7)
  3 ufetubi
  A worm (D:4)
  A dart slug (D:5)
  37 orcs
  5 endoplasms
  4 giant cockroaches
  5 gnoll zombies (Ossuary)
  11 goblins
  15 hobgoblins
  8 jackals (D:2)
  2 ball pythons
  6 bats
  5 frilled lizards
  6 gnoll skeletons (Ossuary)
  3 goblin skeletons (Ossuary)
  4 goblin zombies (Ossuary)
  6 hobgoblin skeletons (Ossuary)
  5 hobgoblin zombies (Ossuary)
  11 kobolds
  5 kobold skeletons (Ossuary)
  2 kobold zombies (Ossuary)
  2 orc skeletons (Ossuary)
  5 orc zombies (Ossuary)
  2 rats (D:1)
  3 rat skeletons (Ossuary)
  4 rat zombies (Ossuary)
252 creatures vanquished.

Vanquished Creatures (collateral kills)
  A yak (D:8)
1 creature vanquished.

Vanquished Creatures (others)
  A yak (D:8)
1 creature vanquished.

Grand Total: 254 creatures vanquished

Notes
Turn   | Place    | Note
-------+----------+-------------------------------------------
     0 | D:1      | IdlyInterested the Demonspawn Gladiator began the quest for
                  | the Orb.
     0 | D:1      | Reached XP level 1. HP: 16/16 MP: 1/1
   287 | D:1      | Reached skill level 1 in Armour
   370 | D:1      | Gained mutation: You are partially covered in razor-sharp
                  | scales. (AC +1, Slay +1) [demonic ancestry]
   370 | D:1      | Reached XP level 2. HP: 20/22 MP: 2/2
   612 | D:2      | Found Xoshe's Jewellery Boutique.
   646 | D:2      | Reached skill level 3 in Axes
   646 | D:2      | Reached skill level 1 in Stealth
   699 | D:2      | Reached skill level 1 in Spellcasting
   699 | D:2      | Gained mutation: You regenerate a little health from kills.
                  | [demonic ancestry]
   699 | D:2      | Reached XP level 3. HP: 27/27 MP: 4/4
   910 | D:2      | Found Zacesiw's Distillery.
   980 | D:2      | Found a burning altar of Makhleb.
  1181 | D:2      | Bought a potion of heal wounds for 60 gold pieces
  1236 | D:3      | Noticed a scorpion
  1301 | D:3      | Killed a scorpion
  1302 | D:3      | Reached skill level 4 in Axes
  1302 | D:3      | Gained mutation: You regenerate health from kills. [demonic
                  | ancestry]
  1302 | D:3      | Reached XP level 4. HP: 23/34 MP: 5/5
  1398 | D:3      | Reached XP level 5. HP: 31/41 MP: 6/6
  2020 | D:4      | Found a stormy altar of Qazlal.
  2143 | D:4      | Found a shadowy altar of Dithmenos.
  2502 | D:2      | Bought a potion of haste for 120 gold pieces
  2502 | D:2      | Bought a potion of enlightenment for 60 gold pieces
  2502 | D:2      | Bought a potion of curing for 36 gold pieces
  2558 | D:4      | Noticed a phantom
  2583 | D:4      | Killed a phantom
  2584 | D:4      | Gained mutation: You have large cloven feet. [demonic
                  | ancestry]
  2584 | D:4      | Reached XP level 6. HP: 38/48 MP: 7/7
  2673 | D:4      | Identified the +2 robe of Atheism {rF+ rN+}
  3117 | D:2      | Bought a potion of curing for 36 gold pieces
  3227 | D:5      | Entered Level 5 of the Dungeon
  3611 | D:5      | Reached skill level 5 in Axes
  3701 | D:5      | Found a blossoming altar of Fedhas.
  3759 | D:5      | Gained mutation: You regenerate a lot of health from kills.
                  | [demonic ancestry]
  3759 | D:5      | Reached XP level 7. HP: 37/54 MP: 8/8
  3776 | D:5      | Reached skill level 6 in Axes
  3885 | D:5      | Reached skill level 7 in Axes
  3885 | D:5      | Found Moloom's Overcharged Wands.
  3909 | D:5      | Gained mutation: You have hoof-like feet. [demonic
                  | ancestry]
  3909 | D:5      | Reached XP level 8. HP: 60/60 MP: 9/9
  3991 | D:5      | Identified a scroll of acquirement
  3992 | D:5      | Acquired the +0 plate armour of Fun {rElec rN++ Will+
                  | Stlth-}
  4637 | D:6      | Noticed Blork the orc
  4646 | D:6      | Killed Blork the orc
  4649 | D:6      | Reached skill level 8 in Axes
  4791 | D:6      | Found a sand-covered staircase.
  4800 | Ossuary  | Entered an ossuary
  5092 | Ossuary  | Noticed Menkaure
  5102 | Ossuary  | Killed Menkaure
  5103 | Ossuary  | Reached skill level 5 in Fighting
  5294 | D:5      | Acquired 836 gold pieces
  5374 | D:6      | Found an iron altar of Okawaru.
  5716 | D:6      | Found a burning altar of Makhleb.
  5885 | D:7      | Noticed Maggie
  5905 | D:7      | Reached XP level 9. HP: 34/71 MP: 10/10
  5909 | D:7      | Killed Maggie
  5965 | D:7      | Found Yhixt's Distillery.
  6037 | D:7      | Found a basalt altar of Yredelemnul.
  6256 | D:7      | Reached skill level 1 in Evocations
  6273 | D:7      | Found a staircase to the Ecumenical Temple.
  6298 | Temple   | Entered the Ecumenical Temple
  6689 | D:2      | Bought a ring of protection from cold for 325 gold pieces
  7086 | D:8      | Found a runed translucent gate.
  7091 | D:8      | Found a runed translucent gate.
  7093 | D:8      | Found a runed translucent gate.
  7093 | D:8      | Noticed Zonian's ghost (novice OpHW)
  7223 | D:8      | Reached skill level 9 in Axes
  7228 | D:8      | Reached skill level 5 in Armour
  7561 | D:8      | Killed Zonian's ghost
  7562 | D:8      | Reached XP level 10. HP: 80/80 MP: 11/11
  7653 | D:7      | Bought a potion of curing for 39 gold pieces
  7653 | D:7      | Bought a potion of heal wounds for 65 gold pieces
  7653 | D:7      | Bought a potion of curing for 39 gold pieces
  7653 | D:7      | Bought a potion of heal wounds for 65 gold pieces
  7653 | D:7      | Bought 2 potions of curing for 78 gold pieces
  7653 | D:7      | Bought 2 potions of curing for 78 gold pieces
  7740 | D:9      | Noticed Maurice
  7783 | D:9      | Killed Maurice
  7946 | D:9      | Reached skill level 10 in Axes
  8064 | D:9      | Reached skill level 5 in Dodging
  8336 | D:9      | Slain by a yak

Illustrated notes

Levels and vault maps discovered:
D:1:      spicycebolla_arrival_risky_transporter, layout_loops_ring,
          minmay_misc_feat_x, dreamdust_princess_corridor
D:2:      layout_rooms, serial_shops, nicolae_shop_stone, shop, basic_altar
D:3:      layout_rooms
D:4:      corexii_shantytown, layout_rooms, mainiacjoe_overflow_brackets,
          amcnicky_altar_gilded, serial_rivers, chequers_serial_rivers_small_3,
          chequers_serial_rivers_small_a, chequers_serial_rivers_room_b,
          chequers_serial_rivers_micro_e, dk_noncrumbling_2
D:5:      layout_basic, fedhas_altar_decomposition,
          nicolae_shop_overcharged_wands
D:6:      layout_rooms, makhleb_grotto_becter,
          mainiacjoe_overflow_six_doors_small, enter_ossuary_1,
          chequers_decorated_corner, uniq_blork_the_orc
D:7:      layout_basic, mainiacjoe_overflow_24_doors,
          minmay_temple_entry_sparse_star, serial_shops, shop, uniq_maggie
D:8:      layout_cave_pools, serial_column_ruins, column_ruins_courtyard_long,
          column_ruins_hut, column_ruins_open_tiny, column_ruins_grid_1,
          column_ruins_corridor_dead_end, column_ruins_open_medium,
          column_ruins_grid_4, column_ruins_columns_straight,
          column_ruins_open_tiny, biasface_ghost_orc_armoury,
          chequers_serial_rivers_room_a
D:9:      layout_grid_maze, doesnt_xom_only_xom, grunt_lair_entry_orc_guard_hut,
          uniq_maurice, uniq_erolcha
Temple:   nicolae_temple_god_jail

Skill      XL: |  1  2  3  4  5  6  7  8  9 10 |
---------------+-------------------------------+-----
Armour         | 1 2 3 4 5 |  5.0
Axes           | 3 4 5 7 8 9 10 | 10.4
Stealth        | 1 |  1.0
Spellcasting   | 1 |  1.0
Throwing       | 2 |  2.7
Fighting       | 3 4 6 8 |  8.0
Dodging        | 3 4 5 |  5.0
Evocations     | 2 |  2.0

Action                     |  1- 3 |  4- 6 |  7- 9 | 10-12 || total
---------------------------+-------+-------+-------+-------++-------
  Melee: War axe           |    85 |   203 |   448 |    68 ||   804
         Punch             |       |     4 |     4 |       ||     8
  Throw: Stone             |       |     4 |    41 |       ||    45
         Boomerang         |       |       |    30 |    13 ||    43
         Dart              |       |       |     2 |    10 ||    12
    Use: Potion            |     2 |     4 |     5 |       ||    11
         Scroll            |     1 |     6 |    11 |     1 ||    19
   Stab: Sleeping          |       |     2 |       |       ||     2
 Armour: Scale mail        |    47 |    67 |       |       ||   114
         Robe              |       |    15 |    48 |       ||    63
         Chain mail        |       |     2 |       |       ||     2
         Plate armour      |       |       |   238 |    65 ||   303
  Dodge: Dodged            |    55 |   121 |   220 |    31 ||   427
         Repelled          |       |     3 |     2 |       ||     5

Table legend: (Time is in decaauts)
 A = Elapsed time spent in this place.
 B = Non-inter-level travel time spent in this place.
 C = Inter-level travel time spent in this place.
 D = Time resting spent in this place.
 E = Time spent auto-exploring this place.
 F = Levels seen in this place.
 G = Mean time per level.
                   A        B        C        D        E       F      G
               +--------+--------+--------+--------+--------+-----+--------+
         Total |   8488 |   6951 |   1537 |    819 |   3508 |  11 |  771.6 |
       Dungeon |   8108 |   6571 |   1537 |    819 |   3508 |   9 |  900.9 |
        Temple |      1 |      1 |      0 |      0 |      0 |   1 |    1.0 |
       Ossuary |    378 |    378 |      0 |      0 |      0 |   1 |  378.0 |
               +--------+--------+--------+--------+--------+-----+--------+

Top non-repeatable levels by time:
     D:5: 1418 daAuts
     D:4: 1289 daAuts
     D:7: 898 daAuts
     D:8: 859 daAuts
     D:3: 829 daAuts
     D:6: 827 daAuts
     D:1: 714 daAuts
     D:2: 679 daAuts
     D:9: 590 daAuts
 Ossuary: 378 daAuts
  Temple: 1 daAuts
